PA
WALLA WALLA WALLEYE @ CHICAGO TULA
08/18/2038
 
TOP OF THE 1ST
Walla Walla Walleye batting - Pitching for Chicago Tula : LHP Jake Newton
Pitching: LHP Jake Newton
Batting: RHB Tobias Valencia 0-0: Ball
1-0: Foul Ball, location: 2F
1-1: Ball
2-1: Foul Ball, location: 2F
2-2: Fly out, F7 (Line Drive, 7, EV 98.8 MPH)
Batting: SHB John Hawley 0-0: Ground out 5-3 (Groundball, 56S, EV 84.4 MPH)
Batting: RHB Elroy Hartman 0-0: Ball
1-0: Swinging Strike
1-1: Ball
2-1: Called Strike
2-2: Strikes out swinging
Top of the 1st over - 0 runs, 0 hits, 0 errors, 0 left on base; Walla Walla 0 - Chicago 0
BOTTOM OF THE 1ST
Chicago Tula batting - Pitching for Walla Walla Walleye : RHP Vicente Dávila
Pitching: RHP Vicente Dávila
Batting: LHB Kevin Hancock 0-0: Ball
1-0: Called Strike
1-1: Ball
2-1: Called Strike
2-2: Fly out, F9 (Flyball, 9, EV 89.4 MPH)
Batting: RHB Xiao-yong Huang 0-0: Called Strike
0-1: SINGLE (Groundball, 56D, EV 102.5 MPH)
Batting: LHB Gustavo Zamora 0-0: Swinging Strike
Xiao-yong Huang steals 2nd base (no throw)
0-1: Foul Ball, location: 2F
0-2: SINGLE (Groundball, 6MD, EV 108.8 MPH)
Xiao-yong Huang to third
Runner from 3rd tries for Home, throw by CF and OUT! 8-2
Batting: LHB José Arras 0-0: Foul Ball, location: 2F
0-1: Ball
1-1: Ball
2-1: Swinging Strike
2-2: Hit by Pitch
Gustavo Zamora to second
Batting: RHB Omar Krutsinger 0-0: Ball
1-0: Ball
2-0: Fielders Choice at 2nd, 6-4 (Groundball, 56, EV 85.0 MPH)
Bottom of the 1st over - 0 runs, 2 hits, 0 errors, 2 left on base; Walla Walla 0 - Chicago 0
TOP OF THE 2ND
Walla Walla Walleye batting - Pitching for Chicago Tula : LHP Jake Newton
Batting: LHB Luis Arroyo 0-0: Fly out, F8 (Flyball, 8RS, EV 88.8 MPH)
Batting: RHB José Garrastazu 0-0: Called Strike
0-1: Swinging Strike
0-2: Strikes out looking
Batting: RHB Alejandro Cantú 0-0: Ball
1-0: Swinging Strike
1-1: Swinging Strike
1-2: Ball
2-2: Ground out 6-3 (Groundball, 56D, EV 106.2 MPH)
Top of the 2nd over - 0 runs, 0 hits, 0 errors, 0 left on base; Walla Walla 0 - Chicago 0
BOTTOM OF THE 2ND
Chicago Tula batting - Pitching for Walla Walla Walleye : RHP Vicente Dávila
Batting: RHB Eddie Hickford 0-0: Foul Ball, location: 2F
0-1: Ground out 3-1 (Groundball, 34, EV 106.9 MPH)
Batting: RHB Luis Gamboa 0-0: Called Strike
0-1: Foul Ball, location: 2F
0-2: Ball
1-2: Strikes out swinging
Batting: RHB Ramón Rodríguez 0-0: Ball
1-0: Ball
2-0: Ground out 4-3 (Groundball, 34, EV 108.8 MPH)
Bottom of the 2nd over - 0 runs, 0 hits, 0 errors, 0 left on base; Walla Walla 0 - Chicago 0
TOP OF THE 3RD
Walla Walla Walleye batting - Pitching for Chicago Tula : LHP Jake Newton
Batting: RHB Keng-chi Nao 0-0: SINGLE (Groundball, 34D, EV 104.4 MPH)
Batting: RHB Ronald Hancock 0-0: Ball
1-0: SINGLE (Line Drive, 6D, EV 99.4 MPH)
Keng-chi Nao to second
Batting: SHB Ánibal Arroyo 0-0: Foul Ball, location: 2F
0-1: Swinging Strike
0-2: Ball
1-2: Foul Ball, location: 2F
1-2: Ball
2-2: Strikes out looking
Batting: RHB Tobias Valencia 0-0: Fielders Choice at 2nd, 5-4 (Groundball, 56, EV 87.5 MPH)
Keng-chi Nao to third
Batting: SHB John Hawley 0-0: Ball
1-0: Foul Ball, location: 2F
1-1: Swinging Strike
1-2: Strikes out swinging
Top of the 3rd over - 0 runs, 2 hits, 0 errors, 2 left on base; Walla Walla 0 - Chicago 0
BOTTOM OF THE 3RD
Chicago Tula batting - Pitching for Walla Walla Walleye : RHP Vicente Dávila
Batting: RHB Jaypee Layug 0-0: Ball
1-0: Ground out 6-3 (Groundball, 6M, EV 100.6 MPH)
Batting: LHB Kevin Hancock 0-0: Ball
1-0: Called Strike
1-1: Foul Ball, location: 2F
1-2: Foul Ball, location: 2F
1-2: Ball
2-2: Foul Ball, location: 2F
2-2: Ball
3-2: Foul Ball, location: 2F
3-2: SINGLE (Groundball, 3D, EV 100.6 MPH)
Batting: RHB Xiao-yong Huang 0-0: Called Strike
0-1: Called Strike
0-2: Strikes out swinging
Batting: LHB Gustavo Zamora 0-0: Ball
1-0: Ball
2-0: Ball
3-0: Called Strike
3-1: Called Strike
3-2: Ground out U3 (Groundball, 3, EV 93.1 MPH)
Bottom of the 3rd over - 0 runs, 1 hit, 0 errors, 1 left on base; Walla Walla 0 - Chicago 0
TOP OF THE 4TH
Walla Walla Walleye batting - Pitching for Chicago Tula : LHP Jake Newton
Batting: RHB Elroy Hartman 0-0: Called Strike
0-1: Ball
1-1: Ground out 5-3 (Groundball, 5, EV 101.2 MPH)
Batting: LHB Luis Arroyo 0-0: Ball
1-0: Fly out, F7 (Flyball, 7S, EV 93.1 MPH)
Batting: RHB José Garrastazu 0-0: Ball
1-0: Called Strike
1-1: SINGLE (Groundball, 56D, EV 94.4 MPH)
Batting: RHB Alejandro Cantú 0-0: Fly out, F5 (Line Drive, 5, EV 62.5 MPH)
Top of the 4th over - 0 runs, 1 hit, 0 errors, 1 left on base; Walla Walla 0 - Chicago 0
BOTTOM OF THE 4TH
Chicago Tula batting - Pitching for Walla Walla Walleye : RHP Vicente Dávila
Batting: LHB José Arras 0-0: Foul Ball, location: 2F
0-1: Ball
1-1: Ground out 4-3 (Groundball, 34, EV 107.5 MPH)
Pitching: RHP Yoshinori Nakada
Batting: RHB Omar Krutsinger 0-0: Called Strike
0-1: Ball
1-1: Ball
2-1: Called Strike
2-2: Ground out 1-3 (Groundball, 34S, EV 85.6 MPH)
Batting: RHB Eddie Hickford 0-0: Called Strike
0-1: Called Strike
0-2: Ball
1-2: Fly out, F7 (Flyball, 78D, EV 80.0 MPH)
Bottom of the 4th over - 0 runs, 0 hits, 0 errors, 0 left on base; Walla Walla 0 - Chicago 0
TOP OF THE 5TH
Walla Walla Walleye batting - Pitching for Chicago Tula : LHP Jake Newton
Batting: RHB Keng-chi Nao 0-0: Ball
1-0: Ground out 6-3 (Groundball, 6, EV 87.5 MPH)
Batting: RHB Ronald Hancock 0-0: Ball
1-0: Called Strike
1-1: Foul Ball, location: 2F
1-2: Ball
2-2: Strikes out swinging
Batting: SHB Ánibal Arroyo 0-0: Called Strike
0-1: Swinging Strike
0-2: Ball
1-2: Ball
2-2: Ball
3-2: Foul Ball, location: 2F
3-2: Foul Ball, location: 2F
3-2: Ground out 5-3 (Groundball, 56, EV 105.0 MPH)
Top of the 5th over - 0 runs, 0 hits, 0 errors, 0 left on base; Walla Walla 0 - Chicago 0
BOTTOM OF THE 5TH
Chicago Tula batting - Pitching for Walla Walla Walleye : RHP Yoshinori Nakada
Batting: RHB Luis Gamboa 0-0: Ball
1-0: SINGLE (Groundball, 6MD, EV 93.8 MPH)
Batting: RHB Ramón Rodríguez 0-0: Ball
1-0: Called Strike
1-1: Swinging Strike
1-2: Ball
2-2: Ball
3-2: Strikes out looking
Batting: RHB Jaypee Layug 0-0: Fly out, F9 (Flyball, 9, EV 85.6 MPH)
Batting: LHB Kevin Hancock 0-0: Ball
1-0: Swinging Strike
1-1: Foul Ball, location: 2F
1-2: Ball
2-2: Foul Ball, location: 2F
2-2: Strikes out looking
Bottom of the 5th over - 0 runs, 1 hit, 0 errors, 1 left on base; Walla Walla 0 - Chicago 0
TOP OF THE 6TH
Walla Walla Walleye batting - Pitching for Chicago Tula : LHP Jake Newton
Batting: RHB Tobias Valencia 0-0: Ball
1-0: Called Strike
1-1: Fly out, F9 (Flyball, 89S, EV 78.1 MPH)
Batting: SHB John Hawley 0-0: Ball
1-0: Ball
2-0: Ball
3-0: Called Strike
3-1: Base on Balls
Batting: RHB Elroy Hartman 0-0: Ball
1-0: Called Strike
1-1: Ball
2-1: Foul Ball, location: 2F
2-2: Foul Ball, location: 2F
2-2: Strikes out looking
John Hawley is caught stealing 2nd base 2-4
Batter strikes out.
Top of the 6th over - 0 runs, 0 hits, 0 errors, 0 left on base; Walla Walla 0 - Chicago 0
BOTTOM OF THE 6TH
Chicago Tula batting - Pitching for Walla Walla Walleye : RHP Yoshinori Nakada
Batting: RHB Xiao-yong Huang 0-0: Ball
1-0: Foul Ball, location: 2F
1-1: Ball
2-1: Foul Ball, location: 2F
2-2: Ground out 4-3 (Groundball, 4, EV 90.0 MPH)
Batting: LHB Gustavo Zamora 0-0: Called Strike
0-1: Foul Ball, location: 2F
0-2: Ball
1-2: Ball
2-2: Foul Ball, location: 2F
2-2: SINGLE (Groundball, 4MD, EV 96.2 MPH)
Batting: LHB José Arras 0-0: Ball
1-0: Ball
2-0: Ball
3-0: Base on Balls
Gustavo Zamora to second
Batting: RHB Omar Krutsinger 0-0: Swinging Strike
0-1: Foul Ball, location: 2F
0-2: Foul Ball, location: 2F
0-2: Ball
1-2: Strikes out swinging
Batting: RHB Eddie Hickford 0-0: Ball
1-0: Swinging Strike
1-1: Foul Ball, location: 2F
1-2: Strikes out swinging
Bottom of the 6th over - 0 runs, 1 hit, 0 errors, 2 left on base; Walla Walla 0 - Chicago 0
TOP OF THE 7TH
Walla Walla Walleye batting - Pitching for Chicago Tula : LHP Jake Newton
Batting: LHB Luis Arroyo 0-0: Ball
1-0: Called Strike
1-1: Fly out, F8 (Flyball, 78D, EV 86.9 MPH)
Batting: RHB José Garrastazu 0-0: Called Strike
0-1: Ball
1-1: Called Strike
1-2: Strikes out swinging
Batting: RHB Alejandro Cantú 0-0: Called Strike
0-1: Foul Ball, location: 2F
0-2: Ball
1-2: Foul Ball, location: 2F
1-2: Ground out U3 (Groundball, 3S, EV 68.1 MPH)
Top of the 7th over - 0 runs, 0 hits, 0 errors, 0 left on base; Walla Walla 0 - Chicago 0
BOTTOM OF THE 7TH
Chicago Tula batting - Pitching for Walla Walla Walleye : RHP Yoshinori Nakada
Batting: RHB Luis Gamboa 0-0: Ball
1-0: Foul Ball, location: 2F
1-1: Ground out U3 (Groundball, 3, EV 92.5 MPH)
Batting: RHB Ramón Rodríguez 0-0: Called Strike
0-1: Swinging Strike
0-2: SOLO HOME RUN (Flyball, 7D, EV 101.9 MPH), Distance : 355 ft
Batting: RHB Jaypee Layug 0-0: Ball
1-0: Foul Ball, location: 2F
1-1: Swinging Strike
1-2: Strikes out swinging
Batting: LHB Kevin Hancock 0-0: Ball
1-0: Foul Ball, location: 2F
1-1: Ball
2-1: Ball
3-1: Called Strike
3-2: Base on Balls
Batting: RHB Xiao-yong Huang 0-0: 2-RUN HOME RUN (Line Drive, 7D, EV 106.2 MPH), Distance : 374 ft
Pitching: RHP Manny Crespo
Batting: LHB Gustavo Zamora 0-0: Ball
1-0: Foul Ball, location: 2F
1-1: Swinging Strike
1-2: Strikes out swinging
Bottom of the 7th over - 3 runs, 2 hits, 0 errors, 0 left on base; Walla Walla 0 - Chicago 3
TOP OF THE 8TH
Walla Walla Walleye batting - Pitching for Chicago Tula : LHP Jake Newton
Batting: RHB Keng-chi Nao 0-0: Foul Ball, location: 2F
0-1: Swinging Strike
0-2: SINGLE (Line Drive, 4MD, EV 98.8 MPH)
Batting: RHB Ronald Hancock 0-0: Foul Ball, location: 2F
0-1: Ball
1-1: Ball
2-1: Called Strike
2-2: Foul Ball, location: 2F
2-2: Ball
3-2: Foul Ball, location: 2F
3-2: Foul Ball, location: 2F
3-2: Ground out 4-3 (Groundball, 34, EV 112.5 MPH)
Keng-chi Nao to second
Batting: SHB Ánibal Arroyo 0-0: Foul Ball, location: 2F
0-1: Foul Ball, location: 2F
0-2: Ball
1-2: Strikes out swinging
Pitching: RHP Garrett Austin
Batting: RHB Tobias Valencia 0-0: Swinging Strike
0-1: Ball
1-1: Ball
2-1: Foul Ball, location: 2F
2-2: Strikes out swinging
Top of the 8th over - 0 runs, 1 hit, 0 errors, 1 left on base; Walla Walla 0 - Chicago 3
BOTTOM OF THE 8TH
Chicago Tula batting - Pitching for Walla Walla Walleye : RHP Manny Crespo
Batting: LHB José Arras 0-0: Fly out, F8 (Flyball, 8RD, EV 75.0 MPH)
Batting: RHB Omar Krutsinger 0-0: Foul Ball, location: 2F
0-1: Ball
1-1: Swinging Strike
1-2: Ball
2-2: Foul Ball, location: 2F
2-2: Fly out, F7 (Flyball, 7, EV 88.1 MPH)
Batting: RHB Eddie Hickford 0-0: Called Strike
0-1: Ball
1-1: Swinging Strike
1-2: Foul Ball, location: 2F
1-2: Ball
2-2: Foul Ball, location: 2F
2-2: Ball
3-2: Foul Ball, location: 2F
3-2: Foul Ball, location: 2F
3-2: Foul Ball, location: 2F
3-2: Base on Balls
Batting: RHB Luis Gamboa 0-0: Ball
Eddie Hickford steals 2nd base
1-0: Foul Ball, location: 2F
1-1: Ball
2-1: Foul Ball, location: 2F
2-2: 2-RUN HOME RUN (Flyball, 9LD, EV 103.8 MPH), Distance : 351 ft
Batting: RHB Ramón Rodríguez 0-0: Called Strike
0-1: Fly out, F3 (Popup, 23F, EV 80.6 MPH)
Bottom of the 8th over - 2 runs, 1 hit, 0 errors, 0 left on base; Walla Walla 0 - Chicago 5
TOP OF THE 9TH
Walla Walla Walleye batting - Pitching for Chicago Tula : RHP Garrett Austin
Batting: SHB John Hawley 0-0: Ball
1-0: TRIPLE (Groundball, 3L, EV 101.2 MPH)
Batting: RHB Elroy Hartman 0-0: Called Strike
0-1: Swinging Strike
0-2: Foul Ball, location: 2F
0-2: Ball
1-2: Strikes out swinging
Batting: LHB Luis Arroyo 0-0: Ball
1-0: Ball
2-0: Fly out, F8 (Flyball, 8LM, EV 82.5 MPH)
Runner from 3rd tags up, SCORES, no throw by CF
Batting: RHB José Garrastazu 0-0: SINGLE (Flyball, 89S, EV 90.0 MPH)
Batting: RHB Alejandro Cantú 0-0: Ball
1-0: Ball
2-0: Foul Ball, location: 2F
2-1: Ball
3-1: Fielders Choice at 2nd, 6-4 (Groundball, 56, EV 86.9 MPH)
Top of the 9th over - 1 run, 2 hits, 0 errors, 1 left on base; Walla Walla 1 - Chicago 5
Friday, April 17th, 2020 - OOTP Baseball 20.8 Build 74